 Dungeon Crawl Stone Soup version 0.23-a0-767-gdc19b93 (webtiles) character file.

41010 darkdagon605 the Fighter (level 13, -16/146 HPs)
             Began as a Yellow Draconian Transmuter on Jan 19, 2019.
             Was a Priest of Fedhas.
             Demolished by a death yak (24 damage)
             ... on level 6 of the Lair of Beasts.
             The game lasted 01:41:35 (19715 turns).

darkdagon605 the Fighter (DrTm)                    Turns: 19715, Time: 01:41:36

Health: -16/146    AC:  7    Str: 14    XL:     13   Next: 77%
Magic:  19/20      EV: 17    Int: 14    God:    Fedhas [***...]
Gold:   981        SH:  0    Dex: 15    Spells: 12/22 levels left

rFire    x x .     SeeInvis .     - Unarmed
rCold    + + +     Gourm    .   (shield currently unavailable)
rNeg     . . .     Faith    .   (armour unavailable)
rPois    +         Spirit   .   (helmet currently unavailable)
rElec    .         Reflect  .   (cloak currently unavailable)
rCorr    .         Harm     .   (gloves currently unavailable)
MR       .....                  (boots currently unavailable)
Stlth    +.........             h - amulet of the acrobat
HPRegen  0.34/turn              y - ring of wizardry
MPRegen  0.17/turn              F - ring of ice

@: ice-form
A: large, (spit acid), (acid resistance), unfitting armour, AC +8
a: End Transformation, Fungal Bloom, Sunlight, Evolution, Growth, Renounce
Religion


You were on level 6 of the Lair of Beasts.
You worshipped Fedhas.
Fedhas was most pleased with you.
You were hungry.
You were a creature of crystalline ice.
You visited 3 branches of the dungeon, and saw 17 of its levels.

You collected 981 gold pieces.

Inventory:

Missiles
 a - 210 arrows
 j - 316 stones (quivered)
Armour
 m - a scarf of cloud immunity (melded)
 p - the +0 pair of gloves "Rigue" (melded) {rElec Regen+}
   (You found it on level 9 of the Dungeon)

   It insulates you from electricity.
   It increases your rate of regeneration.
Jewellery
 h - an amulet of the acrobat (around neck)
 o - an uncursed ring of flight
 y - a ring of wizardry (left front paw)
 D - an uncursed ring of fire
 F - a ring of ice (right front paw)
 H - an uncursed amulet of magic regeneration
 J - an uncursed ring of protection from cold
Wands
 d - a wand of random effects (18)
 f - a wand of flame (21)
 t - a wand of scattershot (3)
 w - a wand of clouds (6)
 B - a wand of digging (6)
 K - a wand of enslavement (9)
 M - a wand of iceblast (10)
Scrolls
 b - 4 scrolls of remove curse
 g - 2 scrolls of amnesia
 k - 3 scrolls of identify
 u - 2 scrolls of teleportation
 A - 4 scrolls of enchant armour
 C - a scroll of blinking
 I - a scroll of fog
 L - 2 scrolls of enchant weapon
Potions
 c - 3 potions of brilliance
 e - 7 potions of curing
 i - a potion of magic {unknown}
 l - 2 potions of mutation {unknown}
 n - 3 potions of haste
 q - 3 potions of degeneration
 r - 3 potions of flight {unknown}
 s - a potion of ambrosia {unknown}
 v - a potion of invisibility {unknown}
 x - a potion of cancellation {unknown}
 z - 2 potions of lignification {unknown}
Miscellaneous
 G - a fan of gales
Comestibles
 E - a chunk of flesh
 O - 3 rations


   Skills:
 + Level 13.1 Fighting
 + Level 11.2 Dodging
 + Level 12.4 Unarmed Combat
 - Level 5.0 Spellcasting
 - Level 6.0 Transmutations
 - Level 6.0 Ice Magic
 - Level 2.0 Poison Magic
 + Level 7.5 Invocations


You had 12 spell levels left.
You knew the following spells:

 Your Spells              Type           Power        Failure   Level  Hunger
a - Beastly Appendage     Tmut           ###...       1%          1    None
b - Sticks to Snakes      Tmut           ###.....     1%          2    ##.....
c - Ice Form              Ice/Tmut       ####....     6%          4    ####...
s - Spider Form           Tmut/Pois      ##........   4%          3    ###....

Your spell library contained the following spells:

 Spells                   Type           Power        Failure   Level  Hunger
 Apportation              Tloc           #.....       7%          1    None
 Summon Butterflies       Summ           #.......     7%          1    None
 Poisonous Vapours        Pois/Air       #.....       7%          2    ##.....
 Mephitic Cloud           Conj/Pois/Air  #.......     16%         3    ###....
 Blade Hands              Tmut           ###.......   16%         5    ######.
 Conjure Flame            Conj/Fire      #.......     21%         3    ###....
 Lesser Beckoning         Tloc           #.........   21%         3    ###....
 Tukima's Dance           Hex            #.......     21%         3    ###....
 Alistair's Intoxication  Tmut/Pois      ##......     34%         5    ######.
 Freezing Cloud           Conj/Ice/Air   ##........   98%         6    #######
 Invisibility             Hex            #.......     100%        6    #######
 Ring of Flames           Chrm/Fire      #.........   100%        7    #######


Dungeon Overview and Level Annotations

Branches:
Dungeon (10/15)            Temple (1/1) D:4            Lair (6/6) D:9
 Shoals (0/4) Lair:3        Snake (0/4) Lair:3        Slime (0/5) Lair:5
    Orc (0/2) D:9

Altars:
Ashenzari
Cheibriados
Dithmenos
Elyvilon
Fedhas
Gozag
Hepliaklqana
Kikubaaqudgha
Makhleb
Nemelex Xobeh
Okawaru
Qazlal
Ru
Sif Muna
Trog
Uskayaw
Vehumet
Wu Jian
Xom
Yredelemnul
Zin
The Shining One

Shops:
D:2 *   D:6 *

Annotations:
D:8 4 runed doors
Lair:2 3 runed doors, Foefao Rulua's ghost, journeyman DEAE; Voker57's ghost, journeyman DsGl


Innate Abilities, Weirdness & Mutations

((You can spit globs of acid.))
((You are resistant to acid.))
((Your golden yellow scales are hard. (AC +8)))
You cannot fit into any form of body armour.
((You are cold-blooded and may be slowed by cold attacks.))


Message History

You hit the death yak. You freeze the death yak.
The death yak is heavily wounded.
The death yak closely misses you.
You hit the death yak. You freeze the death yak.
The death yak is heavily wounded.
The death yak gores you but does no damage.
You punch the death yak! You freeze the death yak.
The death yak is almost dead.
You barely miss the death yak.
The death yak is almost dead.
The death yak gores you!
* * * LOW HITPOINT WARNING * * *
You hit the death yak but do no damage.
The death yak is almost dead.
The death yak closely misses you.
You hit the death yak. You freeze the death yak.
The death yak is almost dead.
The death yak gores you!!
You die...
Fedhas appreciates your contribution to the ecosystem.

............PP.......
##.................... #
......#.......#...... ##.
##...#.#####.##...####
Y...#....#.#..#...##.##.#f
Y......?.#....^..##..###..
#...#.......P.P..##..
##..Y#.........P..#P..
#...#Y.......###.P....
#...##.P.#...##P...P..
#..#....##..###.##...###.
.#...........#.......#..
.....................P....
...#..#P#.P###..#...รท.P.#.
############ #####.##.####
###### #


You could see a death yak.

Vanquished Creatures
  Josephine (Lair:5)
  6 hydras
  5 death yaks (Lair:6)
  A two-headed ogre (D:8)
  A cyclops (D:6)
  10 elephants
  3 black mambas
  A gargoyle (D:10)
  2 centaur skeletons
  A rime drake (Lair:1)
  4 spiny frogs
  3 komodo dragons
  2 ice devils (Lair:2)
  4 polar bears
  A troll (D:10)
  2 dream sheep (Lair:5)
  9 blink frogs
  Prince Ribbit (D:7)
  10 hippogriffs
  A wyvern (Lair:5)
  43 yaks
  3 wraiths (Lair:5)
  4 basilisks
  4 vampire mosquitoes
  19 water moccasins
  9 porcupines
  2 orc warriors
  4 ice beasts
  4 black bears
  A sky beast (D:5)
  9 wolves
  2 ogres
  3 phantoms
  2 centaurs
  12 crocodiles
  3 big kobolds
  10 bullfrogs
  4 scorpions
  2 howler monkeys
  6 crimson imps
  4 hounds
  2 orc priests
  7 jellies
  5 orc wizards
  3 bullfrog skeletons
  3 iguanas
  8 worker ants
  2 hound skeletons
  5 gnolls
  14 adders
  6 shadow imps
  An ooze (D:4)
  An adder skeleton (D:4)
  3 worms
  A dart slug (D:2)
  5 leopard geckos
  22 orcs
  3 giant cockroaches
  12 goblins
  10 hobgoblins
  10 jackals
  5 quokkas
  A ball python (D:2)
  10 bats
  4 frilled lizards
  A jackal skeleton (D:4)
  20 kobolds
  A rat (D:1)
383 creatures vanquished.

Vanquished Creatures (collateral kills)
  Snorg (Lair:3)
  A hydra (Lair:3)
  A two-headed ogre (D:10)
  4 elephants
  A black mamba (Lair:3)
  A komodo dragon (Lair:6)
  A blink frog (Lair:5)
  4 dream sheep (Lair:5)
  2 hippogriffs
  A basilisk (Lair:5)
  2 yaks
  Grum (D:10)
  2 water moccasins (Lair:3)
  A porcupine (Lair:3)
  5 wolves
  An orc priest (D:9)
  An orc wizard (D:4)
  A hound (D:10)
  A gnoll (D:6)
  An adder (Lair:3)
  7 orcs
  A giant cockroach (D:4)
  2 jackals (D:3)
  A ball python (Lair:3)
44 creatures vanquished.

Vanquished Creatures (others)
  3 oklob plants
  13 wandering mushrooms
  A killer bee zombie (D:7)
  15 fungi
  6 plants
  267 toadstools
  4 withered plants (Lair:2)
309 creatures vanquished.

Grand Total: 736 creatures vanquished

Notes
Turn   | Place    | Note
-------+----------+-------------------------------------------
     0 | D:1      | darkdagon605 the Draconian Transmuter began the quest for
                  | the Orb.
     0 | D:1      | Reached XP level 1. HP: 16/16 MP: 3/3
   482 | D:1      | Reached XP level 2. HP: 21/24 MP: 5/5
   486 | D:1      | Learned a level 2 spell: Sticks to Snakes
   741 | D:1      | Reached skill level 2 in Fighting
  1252 | D:1      | Reached XP level 3. HP: 28/30 MP: 4/6
  1272 | D:1      | Learned a level 3 spell: Spider Form
  1436 | D:2      | Found a glowing silver altar of Zin.
  1438 | D:2      | Found Zin's Purification Station.
  1454 | D:2      | Reached skill level 1 in Poison Magic
  1897 | D:2      | Reached XP level 4. HP: 28/37 MP: 5/7
  2880 | D:3      | Reached XP level 5. HP: 38/42 MP: 1/9
  3524 | D:4      | Reached skill level 3 in Fighting
  3664 | D:4      | Reached XP level 6. HP: 34/51 MP: 4/10
  4022 | D:4      | Found a staircase to the Ecumenical Temple.
  4034 | Temple   | Entered the Ecumenical Temple
  4111 | Temple   | Became a worshipper of Fedhas Madash
  4896 | D:4      | Reached skill level 1 in Invocations
  5172 | D:5      | Entered Level 5 of the Dungeon
  5462 | D:5      | Your scales start taking on a golden yellow colour.
  5462 | D:5      | Reached XP level 7. HP: 58/58 MP: 11/11
  5497 | D:5      | Reached skill level 4 in Fighting
  5825 | D:5      | Reached skill level 5 in Unarmed Combat
  6034 | D:5      | Found a deep blue altar of Sif Muna.
  6467 | D:6      | Found a burning altar of Makhleb.
  6469 | D:6      | Found Kecsito's Sacrilege Store.
  6551 | D:6      | Reached skill level 5 in Fighting
  6551 | D:6      | Reached XP level 8. HP: 40/68 MP: 9/12
  7340 | D:6      | Noticed a cyclops
  7356 | D:6      | Killed a cyclops
  7356 | D:6      | Reached skill level 6 in Fighting
  7356 | D:6      | Reached skill level 5 in Dodging
  7577 | D:6      | Reached skill level 5 in Invocations
  7724 | D:6      | Found a sacrificial altar of Ru.
  7725 | D:6      | Found a burning altar of Makhleb.
  7777 | D:6      | Reached XP level 9. HP: 75/77 MP: 10/13
  7942 | D:7      | Noticed Prince Ribbit
  7962 | D:7      | Killed Prince Ribbit
  8388 | D:7      | Reached * piety under Fedhas
  8805 | D:7      | Reached skill level 7 in Fighting
  9589 | D:8      | Found a hide-covered altar of Uskayaw.
  9632 | D:8      | Noticed a two-headed ogre
  9707 | D:8      | Found a huge runed gate.
  9749 | D:8      | Found a huge runed gate.
  9749 | D:8      | Found a huge runed gate.
  9749 | D:8      | Found a huge runed gate.
  9749 | D:8      | Noticed a manticore
  9749 | D:8      | Noticed a death yak
  9749 | D:8      | Noticed a polar bear
  9749 | D:8      | Noticed a polar bear
  9749 | D:8      | Noticed a polar bear
  9749 | D:8      | Noticed a polar bear
  9749 | D:8      | Noticed a polar bear
  9749 | D:8      | Noticed a polar bear
  9750 | D:8      | Noticed a polar bear
  9857 | D:8      | Killed a two-headed ogre
  9857 | D:8      | Reached skill level 8 in Fighting
  9857 | D:8      | Reached XP level 10. HP: 89/89 MP: 1/14
  9992 | D:9      | Reached ** piety under Fedhas
 10009 | D:9      | Found a staircase to the Orcish Mines.
 10203 | D:9      | Found a staircase to the Lair.
 10237 | D:9      | Got a pair of crude gloves
 10311 | D:9      | Found a white marble altar of Elyvilon.
 10380 | D:9      | Identified the +0 pair of gloves "Rigue" {rElec Regen+}
                  | (You found it on level 9 of the Dungeon)
 10813 | D:10     | Entered Level 10 of the Dungeon
 10923 | D:10     | Noticed a gargoyle
 10945 | D:10     | Killed a gargoyle
 10945 | D:10     | Reached skill level 9 in Fighting
 11340 | D:10     | Noticed a two-headed ogre
 11350 | D:10     | Killed a two-headed ogre
 11396 | D:10     | Noticed Grum
 11427 | D:10     | Killed Grum
 11853 | Lair:1   | Entered Level 1 of the Lair of Beasts
 11876 | Lair:1   | Reached skill level 10 in Fighting
 11915 | Lair:1   | Noticed an eight-headed hydra
 11936 | Lair:1   | Killed an eight-headed hydra
 11936 | Lair:1   | Reached XP level 11. HP: 25/100 MP: 10/15
 12182 | Lair:1   | Reached skill level 10 in Unarmed Combat
 12512 | Lair:1   | HP: 5/101 [hippogriff (2)]
 12922 | Lair:1   | Reached skill level 11 in Fighting
 13508 | Lair:2   | Found a runed gate.
 13508 | Lair:2   | Found a runed gate.
 13510 | Lair:2   | Found a runed gate.
 13513 | Lair:2   | Noticed Foefao Rulua's ghost (journeyman DEAE)
 13516 | Lair:2   | Noticed Voker57's ghost (journeyman DsGl)
 13667 | Lair:2   | Noticed an eight-headed hydra
 14051 | Lair:2   | Reached XP level 12. HP: 94/111 MP: 13/16
 14064 | Lair:2   | Reached skill level 10 in Dodging
 14209 | Lair:2   | Killed an eight-headed hydra
 14819 | Lair:2   | Learned a level 4 spell: Ice Form
 14829 | Lair:2   | Reached skill level 12 in Fighting
 15247 | Lair:3   | Reached skill level 1 in Ice Magic
 15465 | Lair:3   | Found a staircase to the Snake Pit.
 15582 | Lair:3   | Reached *** piety under Fedhas
 15699 | Lair:3   | Found a staircase to the Shoals.
 15811 | Lair:3   | Noticed Snorg
 15818 | Lair:3   | Noticed a seven-headed hydra
 15825 | Lair:3   | Killed Snorg
 15842 | Lair:3   | Killed a seven-headed hydra
 16460 | Lair:4   | Reached skill level 5 in Transmutations
 16487 | Lair:4   | Reached skill level 5 in Spellcasting
 16616 | Lair:4   | Noticed a four-headed hydra
 16634 | Lair:4   | Killed a four-headed hydra
 17365 | Lair:5   | Reached skill level 5 in Ice Magic
 17462 | Lair:5   | Found a staircase to the Slime Pits.
 17527 | Lair:5   | Noticed Josephine
 17673 | Lair:5   | Noticed a seven-headed hydra
 17682 | Lair:5   | Killed a seven-headed hydra
 17695 | Lair:5   | Reached XP level 13. HP: 51/118 MP: 18/20
 18028 | Lair:5   | Killed Josephine
 18745 | Lair:6   | Entered Level 6 of the Lair of Beasts
 19680 | Lair:6   | Reached skill level 13 in Fighting
 19713 | Lair:6   | HP: 7/146 [death yak (16)]
 19715 | Lair:6   | Demolished by a death yak

Vault maps used:
D:1:      minmay_arrival_four_circles, st_stairs_8
D:2:      minmay_chambers_of_ones, zin_purify, minmay_goblin_outpost
D:4:      minmay_temple_entry_arrows, first_ration
D:5:      led_sif_book
D:6:      cheibrodos_barr_body, gammafunk_temple_overflow_statue,
          nicolae_evil_shop
D:7:      uniq_prince_ribbit1
D:8:      lemuel_bear_cage, basic_altar
D:9:      elyvilon_altar_3, dpeg_oklobed_lair, orc_0_dummy
D:10:     uniq_grum
Temple:   compressed_dpeg_circular_temple
Lair:1:   gauntlet_entry_generic, lemuel_fruit_tree, grunt_megastairs_2
Lair:2:   portal_ice_cave_demonic_guard, gammafunk_ghost_cemetery,
          grunt_megastairs_5
Lair:3:   shoals_dummy_entry, minmay_snake_entry_six_corridors, uniq_snorg
Lair:4:   grunt_forest_small_clearings
Lair:5:   minmay_slime_entry_pillars, grunt_megastairs_3, uniq_josephine
Lair:6:   grunt_lair_end_beastmaster

Skill      XL: |  1  2  3  4  5  6  7  8  9 10 11 12 13 |
---------------+----------------------------------------+-----
Fighting       | 2 3 5 6 8 10 11 12 13 | 13.1
Poison Magic   | 1 2 |  2.0
Spellcasting   | 3 5 |  5.0
Dodging        | 2 3 4 5 6 8 9 10 11 | 11.2
Transmutations | 3 6 |  6.0
Unarmed Combat | 4 5 6 8 9 11 12 | 12.4
Invocations    | 1 3 5 7 |  7.5
Ice Magic      | 6 |  6.0

Action                   |  1- 3 |  4- 6 |  7- 9 | 10-12 | 13-15 || total
-------------------------+-------+-------+-------+-------+-------++-------
Melee: Unarmed           |   135 |   201 |   326 |   676 |   246 ||  1584
       Tailslap          |    10 |    13 |    10 |     9 |     2 ||    44
       Headbutt          |    14 |    14 |     4 |     6 |     1 ||    39
       Kick              |     1 |     4 |    12 |     5 |     1 ||    23
       Punch             |     1 |     2 |     2 |     4 |     2 ||    11
Throw: Stone             |       |     8 |     3 |     7 |     4 ||    22
 Cast: Beastly Appendage |    22 |    17 |    12 |     8 |     3 ||    62
       Spider Form       |       |    20 |    35 |    72 |     1 ||   128
       Sticks to Snakes  |       |    12 |    41 |     8 |    10 ||    71
       Ice Form          |       |       |       |    10 |    15 ||    25
Invok: Fungal Bloom      |       |     1 |    17 |    49 |    15 ||    82
       Evolution         |       |       |       |    20 |     4 ||    24
 Abil: Breathe Acid      |       |       |     3 |     1 |       ||     4
  Use: Scroll            |     1 |     2 |     5 |    20 |     1 ||    29
       Potion            |       |       |     2 |     2 |     1 ||     5
 Stab: Sleeping          |       |     3 |       |     1 |     1 ||     5
       Distracted        |       |       |     1 |     2 |     1 ||     4
  Eat: Chunk             |     4 |     8 |    10 |    22 |     8 ||    52
       Ration            |       |     2 |     3 |     5 |       ||    10
Armor: Skin              |    41 |    28 |    20 |    38 |    38 ||   165
Dodge: Dodged            |   106 |   161 |   279 |   816 |   240 ||  1602

Table legend:
 A = Non-vault XP
 B = Vault XP
 C = Vault XP percentage of total XP
 D = Non-vault monster count
 E = Vault monster count
 F = Vault count percentage of total count
                 A         B        C        D         E       F
            +---------+---------+-------+---------+---------+-------
      Total |   50411 |    8175 |  14.0 |     367 |      60 |  14.1
            +---------+---------+-------+---------+---------+-------
        D:1 |      42 |       1 |   2.3 |      19 |       1 |   5.0
        D:2 |      70 |      21 |  23.1 |      19 |      12 |  38.7
        D:3 |     114 |       0 |   0.0 |      15 |       0 |   0.0
        D:4 |     379 |       0 |   0.0 |      27 |       0 |   0.0
        D:5 |     647 |       0 |   0.0 |      19 |       0 |   0.0
        D:6 |     701 |     855 |  54.9 |      20 |       7 |  25.9
        D:7 |     827 |     192 |  18.8 |      22 |       1 |   4.3
        D:8 |    1735 |       0 |   0.0 |      21 |       0 |   0.0
        D:9 |    1416 |       0 |   0.0 |      27 |       0 |   0.0
       D:10 |    2102 |     472 |  18.3 |      14 |       5 |  26.3
     Lair:1 |    5793 |    1093 |  15.9 |      31 |       3 |   8.8
     Lair:2 |    8114 |     845 |   9.4 |      30 |       3 |   9.1
     Lair:3 |    4038 |    2054 |  33.7 |      14 |      16 |  53.3
     Lair:4 |    3649 |       0 |   0.0 |      15 |       0 |   0.0
     Lair:5 |    8213 |    2393 |  22.6 |      37 |      10 |  21.3
     Lair:6 |   12571 |     249 |   1.9 |      37 |       2 |   5.1
            +---------+---------+-------+---------+---------+-------
